 Dungeon Crawl Stone Soup version 0.25.1-2-g60ff931df9 (webtiles) character file.

Game seed: 2057828364583351238

21928 DogServant the Contemplative (level 12, 31/72 HPs)
             Began as a Gargoyle Ice Elementalist on Nov 12, 2020.
             Was a Priest of Cheibriados.
             Quit the game on level 2 of the Lair of Beasts.
             The game lasted 00:29:05 (15827 turns).

DogServant the Contemplative (GrIE)                Turns: 15827, Time: 00:29:05

Health: 31/72      AC: 22    Str: 23    XL:     12   Next: 95%
Magic:  16/21      EV: 14    Int: 26    God:    Cheibriados [***...]
Gold:   646        SH:  0    Dex: 18    Spells: 4/23 levels left

rFire    . . .     SeeInvis .   w - +2 dire flail (freeze)
rCold    + . .     Gourm    .   (shield currently unavailable)
rNeg     + . .     Faith    .   n - +3 ring mail {rF+}
rPois    ∞         Spirit   .   (no helmet)
rElec    +         Reflect  .   B - +2 cloak
rCorr    .         Harm     .   (no gloves)
MR       +....                  q - +0 pair of boots
Stlth    ++........             (no amulet)
HPRegen  0.22/turn              g - ring of protection from magic
MPRegen  0.17/turn              u - ring of ice

@: very slow
A: negative energy resistance 1, electricity resistance, unbreathing,
petrification resistance, rot immunity, AC +8
a: Bend Time, Temporal Distortion, Renounce Religion


You were on level 2 of the Lair of Beasts.
You worshipped Cheibriados.
Cheibriados was most pleased with you.
You were not hungry.

You visited 2 branches of the dungeon, and saw 14 of its levels.

You collected 793 gold pieces.
You spent 147 gold pieces at shops.

Inventory:

Hand Weapons
 w - a +2 dire flail of freezing (weapon)
 G - a +0 morningstar
Missiles
 i - 53 poisoned darts
 k - 5 atropa-tipped darts
 K - 8 javelins (quivered)
Armour
 a - a +0 robe
 m - a +0 leather armour
 n - a +3 ring mail of fire resistance (worn)
 q - a +0 pair of boots (worn)
 B - a +2 cloak (worn)
Jewellery
 g - a ring of protection from magic (left hand)
 u - a ring of ice (right hand)
 C - an uncursed amulet of guardian spirit
 N - an uncursed ring of magical power {unknown}
Wands
 f - a wand of polymorph (41)
 r - a wand of paralysis (6)
 J - a wand of acid (12)
 Q - a wand of iceblast (6)
Scrolls
 d - 2 scrolls of enchant weapon {unknown}
 h - 7 scrolls of teleportation
 l - 2 scrolls of fear
 o - 9 scrolls of remove curse
 p - 12 scrolls of identify {unknown}
 s - 3 scrolls of immolation {unknown}
 y - 2 scrolls of noise {unknown}
 E - 3 scrolls of amnesia {unknown}
 F - a scroll of fog {unknown}
 I - 3 scrolls of enchant armour {unknown}
 L - a scroll of holy word {unknown}
 M - a scroll of magic mapping {unknown}
 O - a scroll of blinking {unknown}
Potions
 b - 2 potions of heal wounds {unknown}
 e - 4 potions of lignification {unknown}
 j - 5 potions of stabbing {unknown}
 t - 3 potions of brilliance {unknown}
 v - a potion of might
 x - a potion of invisibility {unknown}
 z - a potion of ambrosia {unknown}
 A - a potion of flight {unknown}
 D - 6 potions of curing {unknown}
 H - a potion of mutation {unknown}
Comestibles
 c - 19 rations
 P - 11 chunks of flesh


   Skills:
 - Level 7.3 Fighting
 + Level 9.3 Maces & Flails
 - Level 4.0 Armour
 - Level 5.0 Dodging
 - Level 2.1 Stealth
 - Level 6.0 Spellcasting
 - Level 6.5 Conjurations
 - Level 2.9 Charms
 + Level 6.7 Summonings
 - Level 7.0 Ice Magic
 + Level 2.6 Air Magic
 + Level 10.3 Invocations


You had 4 spell levels left.
You knew the following spells:

 Your Spells              Type           Power        Failure   Level  Hunger
a - Freeze                Ice            ####         1%          1    None
b - Frozen Ramparts       Ice            ######       1%          3    None
c - Ozocubu's Armour      Chrm/Ice       ######..     4%          3    None
d - Hailstorm             Conj/Ice       ######..     6%          4    ###....
e - Summon Ice Beast      Ice/Summ       ######..     6%          4    ###....
f - Summon Lightning Spi  Summ/Air       ####....     16%         4    ###....

Your spell library contained the following spells:

 Spells                   Type           Power        Failure   Level  Hunger
 Summon Small Mammal      Summ           ####         1%          1    None
 Call Imp                 Summ           #####...     1%          2    None
 Call Canine Familiar     Summ           #####...     1%          3    None
 Foxfire                  Conj/Fire      ###.         2%          1    None
 Summon Guardian Golem    Hex/Summ       ####....     8%          3    None
 Conjure Flame            Conj/Fire      ###.....     9%          3    None
 Sticky Flame             Conj/Fire      ###.....     26%         4    ###....
 Inner Flame              Hex/Fire       #.......     30%         3    None
 Cause Fear               Hex            #.........   71%         4    ###....
 Fireball                 Conj/Fire      ###.......   58%         5    #####..
 Silence                  Hex/Air        ##........   86%         5    #####..
 Yara's Violent Unravell  Hex/Tmut       #.........   96%         5    #####..
 Discord                  Hex            #.........   100%        8    #######


Dungeon Overview and Level Annotations

Branches:
Dungeon (12/15)            Temple (0/1) D:6            Lair (2/6) D:10
  Snake (0/4) Lair:2          Orc (0/2) D:10
  Swamp: Lair:2-4    Shoals: Lair:2-4

Altars:
Ashenzari
Cheibriados
Dithmenos
Elyvilon
Fedhas
Nemelex Xobeh
Qazlal
Ru
Sif Muna
The Shining One

Shops:
D:5 [:

Annotations:
D:9 2 transporters, bananovenc's ghost, novice GnSk
Lair:1 1 runed translucent door, DogServant's ghost, journeyman FoHu


Innate Abilities, Weirdness & Mutations

You are resistant to torment.
Your stone body is resilient. (AC +8)
You are immune to poison.
You resist negative energy. (rN+)
You are resistant to electric shocks. (rElec)
You can survive without breathing.
You are immune to petrification.
You are immune to rotting.


Message History

The seven-headed hydra closely misses you.
The seven-headed hydra bites you but does no damage. x2
You hit the seven-headed hydra. You freeze the seven-headed hydra.
You kill the seven-headed hydra!
Cheibriados appreciates the change of pace.
The wall freezes the crocodile!
The crocodile seems to slow down.
Unknown command.
You hit the crocodile.
The crocodile seems to slow down.
You freeze the crocodile.
You kill the crocodile!
Cheibriados appreciates the change of pace.
The frozen ramparts melt away.
K - 8 javelins (gained 2)
You see here a hydra corpse.
You start resting.
A swamp worm comes into view.
A swamp worm is nearby!
A swamp worm is nearby!
You are too injured to fight recklessly!
Are you sure you want to abandon this character and quit the game? (Confirm with "yes".)

#.............##÷.........
#................#.........
#<................##.(......
##
P................#♣...♣.♣...
..##
...............♣♣♣♣♣.♣♣♣♣♣♣♣
.... ...............♣ ♣♣♣
.#.# ...............♣ #.#
...............♣ #
........@$..♣ ....#..##...♣
# . ####....♣ #......≈≈..
#.......w♣.♣ .#
#...#..♣.♣♣♣♣♣ ^# #.##.
....###.♣♣♣.♣. . ......
##.P# #..♣...♣ ......#####
##......#


You could see a swamp worm (wandering).

Vanquished Creatures
  2 hydras (Lair:2)
  3 two-headed ogres
  Pikel (D:8)
  3 black mambas (Lair:2)
  A spiny frog (Lair:1)
  A troll (D:9)
  5 blink frogs (Lair:1)
  4 hippogriffs
  27 yaks
  3 hungry ghosts
  A swamp worm (Lair:2)
  9 water moccasins
  Duvessa (D:7)
  4 orc warriors
  9 porcupines
  2 slaves (D:8)
  4 phantoms
  6 sky beasts
  3 black bears
  2 eyes of draining
  3 ice beasts
  11 ogres
  12 wolves
  10 centaurs
  7 crocodiles
  A big kobold (D:8)
  6 bullfrogs
  Dowan (D:7)
  A wyvern skeleton (D:9)
  5 scorpions
  A troll zombie (D:10)
  A killer bee (D:9)
  6 wights
  5 howler monkeys
  4 crimson imps
  2 jellies
  6 hounds
  A centaur zombie (D:7)
  12 orc wizards
  7 orc priests
  Crazy Yiuf (D:6)
  2 centaur skeletons (D:4)
  3 bullfrog skeletons
  5 iguanas
  9 worker ants
  5 ogre zombies (D:10)
  A worker ant zombie (D:5)
  7 gnolls
  2 howler monkey skeletons
  14 adders
  3 shadow imps
  An adder zombie (D:6)
  A worm (D:2)
  10 leopard geckos
  43 orcs
  3 ball pythons
  6 bats
  9 giant cockroaches
  4 hobgoblins
  11 jackals
  12 kobolds
  2 quokkas
  7 frilled lizards
  8 goblins
  A goblin skeleton (D:10)
  3 goblin zombies (D:10)
  2 hobgoblin skeletons (D:10)
  A hobgoblin zombie (D:10)
  A leopard gecko skeleton (D:4)
  An orc skeleton (D:10)
  11 orc zombies (D:10)
  A quokka zombie (D:7)
  8 rats
391 creatures vanquished.

Vanquished Creatures (collateral kills)
  Prince Ribbit (D:7)
  A basilisk (D:10)
  Menkaure (D:7)
  A wolf (D:10)
  A nameless horror (D:9)
  An orc wizard (D:10)
  A leopard gecko (D:10)
7 creatures vanquished.

Vanquished Creatures (others)
  2 slaves (D:8)
  A centaur (D:8)
  3 orc wizards
  A shadow imp (D:8)
  An adder skeleton (D:8)
  An orc (D:8)
  2 fungi
  9 plants
20 creatures vanquished.

Grand Total: 418 creatures vanquished

Notes
Turn   | Place    | Note
-------+----------+-------------------------------------------
     0 | D:1      | DogServant the Gargoyle Ice Elementalist began the quest
                  | for the Orb.
     0 | D:1      | Reached XP level 1. HP: 10/10 MP: 3/3
   324 | D:1      | Reached XP level 2. HP: 16/16 MP: 0/5
   405 | D:1      | Reached skill level 1 in Fighting
  1146 | D:1      | Reached XP level 3. HP: 20/20 MP: 4/6
  1359 | D:2      | Found a shimmering blue altar of Sif Muna.
  1365 | D:2      | Found a shattered altar of Ashenzari.
  1755 | D:2      | Reached XP level 4. HP: 25/26 MP: 4/8
  2325 | D:2      | Reached XP level 5. HP: 29/31 MP: 6/9
  2351 | D:2      | Learned a level 3 spell: Frozen Ramparts
  2355 | D:2      | Learned a level 3 spell: Ozocubu's Armour
  2474 | D:2      | Found a white marble altar of Elyvilon.
  2751 | D:3      | Reached skill level 1 in Armour
  2751 | D:3      | Reached skill level 5 in Ice Magic
  3402 | D:3      | Found a sparkling altar of Nemelex Xobeh.
  3403 | D:3      | Found a snail-covered altar of Cheibriados.
  3419 | D:3      | Found a sacrificial altar of Ru.
  3452 | D:3      | Became a worshipper of Cheibriados the Contemplative
  3477 | D:3      | Reached XP level 6. HP: 37/37 MP: 8/11
  3773 | D:4      | Noticed a phantom
  4198 | D:4      | Reached XP level 7. HP: 41/41 MP: 9/13
  4418 | D:4      | Reached * piety under Cheibriados
  4528 | D:4      | Reached skill level 5 in Spellcasting
  5052 | D:5      | Entered Level 5 of the Dungeon
  5053 | D:5      | Found Hoph's Antique Armour Shop.
  5184 | D:5      | Reached XP level 8. HP: 14/46 MP: 4/16
  5326 | D:5      | Learned a level 4 spell: Hailstorm
  5331 | D:5      | Learned a level 4 spell: Summon Ice Beast
  5648 | D:5      | Reached skill level 1 in Conjurations
  5841 | D:5      | Reached skill level 1 in Summonings
  6025 | D:5      | Found Piup's Book Shop.
  6060 | D:5      | Found a glowing golden altar of the Shining One.
  6259 | D:6      | Reached ** piety under Cheibriados
  6338 | D:6      | Found a sacrificial altar of Ru.
  6586 | D:6      | You fall into a shaft and drop 1 floor!
  6597 | D:7      | Found a shadowy altar of Dithmenos.
  6941 | D:7      | Noticed Menkaure
  6942 | D:7      | Noticed Prince Ribbit
  6953 | D:7      | Killed Menkaure
  6958 | D:7      | Killed Prince Ribbit
  6958 | D:7      | Reached skill level 5 in Fighting
  6958 | D:7      | Reached XP level 9. HP: 28/54 MP: 3/18
  7400 | D:7      | Reached *** piety under Cheibriados
  7722 | D:7      | Noticed Duvessa
  7723 | D:7      | Noticed Dowan
  7727 | D:7      | Killed Duvessa
  7728 | D:7      | Killed Dowan
  7728 | D:7      | Reached skill level 5 in Conjurations
  8225 | D:5      | Bought a shiny ring mail for 147 gold pieces
  8275 | D:6      | Found a staircase to the Ecumenical Temple.
  8360 | D:6      | Found a runed translucent door.
  8361 | D:6      | Noticed Crazy Yiuf
  8478 | D:6      | Killed Crazy Yiuf
  8553 | D:8      | Reached skill level 1 in Maces & Flails
  8553 | D:8      | Reached skill level 1 in Invocations
  8554 | D:8      | Reached skill level 1 in Charms
  8655 | D:8      | Noticed Pikel
  8662 | D:8      | Killed Pikel
  8662 | D:8      | Reached skill level 5 in Summonings
  8662 | D:8      | Reached skill level 2 in Invocations
  8662 | D:8      | Reached XP level 10. HP: 57/60 MP: 16/19
  8697 | D:8      | Reached skill level 3 in Invocations
  9052 | D:9      | Reached **** piety under Cheibriados
  9363 | D:9      | Noticed bananovenc's ghost (novice GnSk)
  9366 | D:9      | Found a transporter.
  9407 | D:9      | Found a transporter.
  9423 | D:9      | Reached skill level 4 in Invocations
  9485 | D:9      | Found a blossoming altar of Fedhas.
  9564 | D:9      | Noticed a two-headed ogre
  9572 | D:9      | Killed a two-headed ogre
  9913 | D:9      | Reached skill level 5 in Invocations
 10217 | D:10     | Entered Level 10 of the Dungeon
 10221 | D:10     | Reached ***** piety under Cheibriados
 10249 | D:10     | Reached skill level 5 in Maces & Flails
 10286 | D:10     | Reached skill level 6 in Invocations
 10287 | D:10     | Reached XP level 11. HP: 58/64 MP: 9/20
 10330 | D:10     | Found a staircase to the Lair.
 10915 | D:10     | Found a staircase to the Orcish Mines.
 10940 | D:10     | Reached skill level 7 in Invocations
 11380 | D:10     | Reached skill level 5 in Dodging
 12003 | D:11     | Noticed a two-headed ogre
 12010 | D:11     | Killed a two-headed ogre
 12323 | D:11     | Reached skill level 8 in Invocations
 12392 | D:11     | Found a stormy altar of Qazlal.
 12655 | D:11     | Reached ****** piety under Cheibriados
 13049 | D:11     | Noticed a two-headed ogre
 13062 | D:11     | Killed a two-headed ogre
 13674 | D:12     | Reached skill level 9 in Invocations
 13691 | D:12     | Reached XP level 12. HP: 71/71 MP: 16/21
 13746 | D:12     | Noticed a two-headed ogre
 13804 | Lair:1   | Entered Level 1 of the Lair of Beasts
 13916 | Lair:1   | Noticed DogServant's ghost (journeyman FoHu)
 13918 | Lair:1   | Found a runed translucent door.
 14209 | Lair:1   | Learned a level 4 spell: Summon Lightning Spire
 15398 | Lair:2   | Found a staircase to the Snake Pit.
 15473 | Lair:2   | Reached skill level 1 in Air Magic
 15717 | Lair:2   | Reached skill level 10 in Invocations
 15738 | Lair:2   | Noticed a seven-headed hydra
 15746 | Lair:2   | Killed a seven-headed hydra
 15807 | Lair:2   | Noticed a seven-headed hydra
 15816 | Lair:2   | Killed a seven-headed hydra
 15827 | Lair:2   | Quit the game

Illustrated notes

Levels and vault maps discovered:
D:1:      dpeg_arrival_concentric_ovals, layout_loops_ring
D:2:      layout_loops_corners, lemuel_crystal_altar, marbit_many_paths,
          ashenzari_conservatory_becter
D:3:      layout_loops_corners, chequers_temple_overflow_statue_of_worship,
          first_ration
D:4:      layout_basic
D:5:      layout_cave_pools, lemuel_coloured_pillars_altar, serial_shops,
          nicolae_shop_waterfront, kennysheep_mini, serial_column_ruins,
          column_ruins_open_medium, column_ruins_open_tiny,
          column_ruins_open_tiny, column_ruins_columns_straight
D:6:      minmay_general_purpose_star, layout_basic, minmay_temple_entry_mist,
          basic_altar, uniq_crazy_yiuf_cottage
D:7:      layout_loops_corners, lemuel_doored_altar,
          chequers_serial_rivers_micro_b, grunt_ogre_cave, uniq_prince_ribbit1,
          uniq_duvessa, uniq_menkaure
D:8:      layout_rooms, uniq_pikel
D:9:      minmay_clustersquares, layout_cross, old_standard_altar,
          gammafunk_ghost_arena
D:10:     layout_long_grid, minmay_lair_entry_grove, zombieorc1_lemuel
D:11:     layout_loops_corners, gauntlet_entry_generic, st_stairs_1,
          nicolae_qazlal_eye_of_the_storm
D:12:     layout_loops_ring, serial_shops, shop, serial_park_tiny_pond
Lair:1:   layout_chaotic_city, serial_forest, infiniplex_forest_end_3,
          infiniplex_forest_lined_room_, infiniplex_forest_clump_double,
          infiniplex_forest_clump_small, infiniplex_forest_clump_cross,
          infiniplex_forest_side_room, infiniplex_forest_clump_double,
          hellmonk_ghost_happy_afterlife
Lair:2:   layout_cave_pods, palyth_hydra_swamp_entry,
          minmay_snake_entry_six_corridors, columned_hall_lemuel

Skill      XL: |  1  2  3  4  5  6  7  8  9 10 11 12 |
---------------+-------------------------------------+-----
Fighting       | 1 2 3 5 6 7 |  7.3
Spellcasting   | 3 4 5 6 |  6.0
Armour         | 1 2 4 |  4.0
Ice Magic      | 5 6 7 |  7.0
Dodging        | 2 4 5 |  5.0
Conjurations   | 4 5 6 |  6.5
Summonings     | 3 5 6 |  6.7
Maces & Flails | 2 5 8 9 |  9.3
Invocations    | 2 6 9 10 | 10.3
Charms         | 2 |  2.9
Air Magic      | 2 |  2.6
Stealth        | |  2.1

Action                   |  1- 3 |  4- 6 |  7- 9 | 10-12 || total
-------------------------+-------+-------+-------+-------++-------
Melee: Unarmed           |    49 |       |       |       ||    49
       Short sword       |    26 |   171 |   133 |       ||   330
       Long sword        |       |       |   105 |       ||   105
       Morningstar       |       |       |    20 |   297 ||   317
       Dire flail        |       |       |       |   247 ||   247
Throw: Javelin           |       |       |       |     2 ||     2
 Cast: Freeze            |    36 |    22 |    11 |    19 ||    88
       Frozen Ramparts   |       |     4 |    28 |    47 ||    79
       Ozocubu's Armour  |       |     1 |     8 |       ||     9
       Summon Ice Beast  |       |       |     2 |     4 ||     6
       Hailstorm         |       |       |       |     1 ||     1
Invok: Slouch            |       |       |       |    11 ||    11
  Use: Scroll            |     3 |     1 |       |       ||     4
 Stab: Sleeping          |     1 |     3 |     3 |     2 ||     9
  Eat: Chunk             |     3 |     8 |     8 |    13 ||    32
       Ration            |       |       |     1 |     2 ||     3
Armor: Robe              |    34 |    19 |       |       ||    53
       Leather armour    |       |    69 |   141 |       ||   210
       Ring mail         |       |       |    13 |   359 ||   372
Dodge: Dodged            |    70 |   123 |   201 |   571 ||   965
       Rpst.: Long sword |       |       |    34 |       ||    34
